 Dungeon Crawl Stone Soup version 0.27-a0-65-gfb268537a3 (webtiles) character file.

Game seed: 9639776126128894399

872 jusk the Cudgeller (level 7, -1/65 HPs)
             Began as a Palentonga Chaos Knight on Jan 8, 2021.
             Was a Plaything of Xom.
             Shot with an arrow by a centaur (8 damage)
             ... on level 5 of the Dungeon.
             The game lasted 00:16:39 (4818 turns).

jusk the Cudgeller (Palentonga Chaos Knight)        Turns: 4818, Time: 00:16:40

Health: -1/65      AC: 14    Str: 19    XL:     7   Next: 74%
Magic:  7/7        EV: 13    Int: 12    God:    Xom [.*....]
Gold:   405        SH:  0    Dex: 10    Spells: 6/6 levels left

rFire    + + .     SeeInvis +   a - +0 mace (chaos)
rCold    . . .     Faith    +   (no shield)
rNeg     . . .     Spirit   .   b - +2 leather armour
rPois    .         Reflect  .   (helmet restricted)
rElec    .         Harm     .   (no cloak)
rCorr    .         Rampage  .   B - +0 pair of gloves
Will     .....                  (no barding)
Stlth    +.........             w - amulet of faith
HPRegen  0.20/turn              d - +4 ring of evasion
MPRegen  0.10/turn              g - ring of see invisible

@: curled up
A: large, claws 1, horns 2, rugged brown scales 3, see invisible, deformed body,
fire resistance 2, strong 1, evolution 1, MP-powered wands, roll 1, armoured
tail, reflexive curl
a: Rolling Charge, Renounce Religion


You were on level 5 of the Dungeon.
You worshipped Xom.
You were a plaything of Xom.
You visited 1 branch of the dungeon, and saw 5 of its levels.

You collected 405 gold pieces.

Inventory:

Hand Weapons
 a - a +0 mace of chaos (weapon)
 o - a +0 long sword
 D - a +2 vorpal war axe
Missiles
 r - 142 stones
Armour
 b - a +2 leather armour (worn)
 B - a +0 pair of gloves (worn)
Jewellery
 d - a +4 ring of evasion (left hand)
 e - an uncursed amulet of reflection
 g - a ring of see invisible (right hand)
 w - an amulet of faith (around neck)
 A - an uncursed ring of resist corrosion {unknown}
Wands
 u - a wand of acid (3)
 y - a wand of iceblast (13)
 F - a wand of digging (3)
Scrolls
 c - a scroll of enchant armour {unknown}
 f - a scroll of magic mapping {unknown}
 h - 3 scrolls of random uselessness {unknown}
 i - 2 scrolls of enchant weapon {unknown}
 k - 10 scrolls of identify {unknown}
 l - 2 scrolls of teleportation {unknown}
 m - 4 scrolls of remove curse {unknown}
 s - 2 scrolls of fog
 E - 2 scrolls of immolation {unknown}
 G - a scroll of fear {unknown}
Potions
 j - a potion of flight
 n - a potion of invisibility
 q - 2 potions of brilliance {unknown}
 t - a potion of heal wounds {unknown}
 v - a potion of haste {unknown}
 z - a potion of ambrosia {unknown}
 C - a potion of degeneration {unknown}


   Skills:
 - Level 5.0 Fighting
 - Level 2.0(5.2) Axes
 + Level 7.7(7.9) Maces & Flails
 - Level 1.9 Armour
 - Level 1.1 Dodging
 - Level 0.6 Evocations


You had 6 spell levels left.
You didn't know any spells.
Your spell library was empty.

Dungeon Overview and Level Annotations

Branches:
Dungeon (5/15)
 Temple: D:4-7

Altars:
Cheibriados
Fedhas
Makhleb
Nemelex Xobeh
Wu Jian
Xom


Innate Abilities, Weirdness & Mutations

You are completely covered in rugged brown scales. (AC +3, +7% HP)
You have supernaturally acute eyesight. (SInv)
Armour fits poorly on your strangely shaped body.
You can roll at nearby foes to attack.
You have a long armoured tail.
You curl defensively after being hit.
You have sharp fingernails.
You have a pair of horns on your head.
Your flesh is very heat resistant. (rF++)
Your muscles are strong. (Str +2)
You evolve.
You expend magic power (3 MP) to strengthen your wands.


Message History

You are now a special plaything of Xom.
The centaur hits you with a cursed -3 shortbow.
The centaur completely misses you.
The centaur hits you with a cursed -3 shortbow.
You hear Xom's maniacal laughter.
Your body is wracked with pain!
You are now a plaything of Xom.
The centaur hits you with a cursed -3 shortbow.
The centaur shoots an arrow.
The arrow closely misses you.
The centaur shoots an arrow.
The arrow hits you!
* * * LOW HITPOINT WARNING * * *
You see here 22 arrows.
The centaur shoots an arrow.
The arrow hits you!
* * * LOW HITPOINT WARNING * * *
You see here an arrow.
You feel less confused.
The centaur shoots an arrow.
The arrow barely misses you.
There is a stone staircase leading up here.
The centaur shoots an arrow.
The arrow hits you!
You die...

#######.#........
#.......... ####.......
############ ####.......
#..........# #......)...
#..........# #.##.......
#..(....(.c# #.##.......
#......(..(# #.###......
#.....(@...###.####.....
#########+.(....# ##....
+......# ##... #......#
##.. .....)..## ##.
#........# ## #........#
# #........# #
#.#.##+#.# #


You could see a centaur (poisoned).

Vanquished Creatures
  Grinder (D:3)
  Eustachio (D:5)
  Blork the orc (D:4)
  A jelly (D:2)
  An orc wizard (D:4)
  2 centaur skeletons (D:4)
  Ijyb (D:3)
  3 worker ants
  5 adders
  A gnoll (D:4)
  3 oozes
  A worm (D:2)
  4 dart slugs
  3 leopard geckos
  11 orcs
  4 giant cockroaches
  8 goblins
  5 hobgoblins
  2 jackals (D:3)
  12 kobolds
  A quokka (D:4)
  10 bats
  7 frilled lizards
  9 rats
97 creatures vanquished.

Vanquished Creatures (collateral kills)
  An ogre (D:2)
1 creature vanquished.

Vanquished Creatures (others)
  A white imp (D:5)
1 creature vanquished.

Grand Total: 99 creatures vanquished

Notes
Turn   | Place    | Note
-------+----------+-------------------------------------------
     0 | D:1      | jusk the Palentonga Chaos Knight began the quest for the
                  | Orb.
     0 | D:1      | Reached XP level 1. HP: 20/20 MP: 1/1
   119 | D:1      | Reached XP level 2. HP: 20/27 MP: 2/2
   617 | D:1      | XOM: polymorph frilled lizard -> bat
   637 | D:1      | XOM is BORED!
   742 | D:1      | Reached XP level 3. HP: 26/33 MP: 3/3
  1089 | D:1      | XOM: scenery: create altars
  1362 | D:2      | Found a sparkling altar of Nemelex Xobeh.
  1439 | D:2      | Gained mutation: You are robust. (+10% HP) [potion of
                  | mutation]
  1439 | D:2      | Gained mutation: You are strong-willed. (Will+) [potion of
                  | mutation]
  1448 | D:2      | XOM: 1-stop teleportation journey
  1455 | D:2      | Found a blossoming altar of Fedhas.
  1586 | D:2      | XOM: 3-stop teleportation journey
  1591 | D:2      | XOM: god gift: 22 gold pieces
  1850 | D:2      | Reached XP level 4. HP: 44/46 MP: 4/4
  1961 | D:2      | XOM: cleaving
  1964 | D:2      | Reached skill level 1 in Dodging
  1987 | D:2      | Reached skill level 4 in Maces & Flails
  2065 | D:2      | XOM: scenery: create altars
  2151 | D:2      | XOM: god gift: long sword {god gift}
  2318 | D:2      | Noticed an ogre
  2326 | D:2      | Killed an ogre
  2327 | D:2      | Reached skill level 5 in Maces & Flails
  2327 | D:2      | Reached XP level 5. HP: 54/54 MP: 5/5
  2358 | D:2      | Lost mutation: You are strong-willed. (Will+) [potion of
                  | mutation]
  2358 | D:2      | Lost mutation: You are robust. (+10% HP) [potion of
                  | mutation]
  2358 | D:2      | Gained mutation: Your muscles are strong. (Str +2) [potion
                  | of mutation]
  2358 | D:2      | Gained mutation: You are clumsy. (Dex -2) [potion of
                  | mutation]
  2358 | D:2      | Gained mutation: You have sharp fingernails. [potion of
                  | mutation]
  2623 | D:2      | XOM: smoke on damage
  2809 | D:2      | XOM: cloud trail
  2850 | D:3      | Noticed Grinder
  2858 | D:3      | XOM: 1-stop teleportation journey
  2916 | D:3      | XOM: divination: magic mapping
  2950 | D:3      | Paralysed by Grinder for 3 turns
  2956 | D:3      | Killed Grinder
  2957 | D:3      | Reached skill level 6 in Maces & Flails
  2957 | D:3      | Reached XP level 6. HP: 56/56 MP: 6/6
  3062 | D:3      | XOM: 5-stop teleportation journey
  3121 | D:3      | Noticed Ijyb
  3125 | D:3      | XOM: god gift: 17 stones
  3126 | D:3      | Killed Ijyb
  3139 | D:3      | XOM: scenery: summon butterflies
  3223 | D:3      | XOM: give mutations
  3223 | D:3      | Gained mutation: Your spells are a little easier to cast,
                  | but a little less powerful. [Xom's mischief]
  3406 | D:3      | XOM: give mutations
  3406 | D:3      | Gained mutation: Your flesh is heat resistant. (rF+) [Xom's
                  | grace]
  3406 | D:3      | Gained mutation: Your flesh is very heat resistant. (rF++)
                  | [Xom's grace]
  3406 | D:3      | Gained mutation: You expend magic power (3 MP) to
                  | strengthen your wands. [Xom's grace]
  3438 | D:3      | XOM: give mutations
  3438 | D:3      | Gained mutation: You have a pair of small horns on your
                  | head. [Xom's grace]
  3438 | D:3      | Gained mutation: You are somewhat resistant to further
                  | mutation. [Xom's grace]
  3533 | D:3      | Found a snail-covered altar of Cheibriados.
  3622 | D:3      | XOM: give mutations
  3622 | D:3      | Lost mutation: Your spells are a little easier to cast, but
                  | a little less powerful. [Xom's grace]
  3622 | D:3      | Gained mutation: You have a pair of horns on your head.
                  | [Xom's grace]
  3622 | D:3      | Lost mutation: You are somewhat resistant to further
                  | mutation. [Xom's grace]
  3622 | D:3      | Gained mutation: You evolve. [Xom's grace]
  3664 | D:4      | Noticed Blork the orc
  3666 | D:4      | XOM: enchant monster (good)
  3674 | D:4      | Killed Blork the orc
  3675 | D:4      | Reached skill level 5 in Fighting
  3675 | D:4      | Gained mutation: You curl defensively after being hit.
                  | [Palentonga growth]
  3675 | D:4      | Reached XP level 7. HP: 56/65 MP: 7/7
  3716 | D:4      | XOM: scenery: summon butterflies
  3747 | D:4      | Reached skill level 1 in Axes
  3749 | D:4      | XOM: 2-stop teleportation journey
  3985 | D:4      | Found a burning altar of Makhleb.
  4160 | D:4      | Reached skill level 7 in Maces & Flails
  4363 | D:5      | Entered Level 5 of the Dungeon
  4412 | D:5      | Found an ornate altar of the Wu Jian Council.
  4442 | D:5      | Noticed Eustachio
  4452 | D:5      | XOM: cleaving
  4454 | D:5      | XOM: cleaving
  4458 | D:5      | XOM: confuse monster(s)
  4460 | D:5      | XOM: cleaving
  4467 | D:5      | XOM: scenery: create altars
  4469 | D:5      | XOM: summons friendly iron imp
  4481 | D:5      | Killed Eustachio
  4658 | D:5      | XOM: divination: detect items
  4704 | D:5      | Lost mutation: You are clumsy. (Dex -2) [evolution]
  4724 | D:5      | XOM: summons 2 hostile demons
  4812 | D:5      | XOM: confusion
  4814 | D:5      | XOM: torment (24/65 hp)
  4818 | D:5      | Shot with an arrow by a centaur

Illustrated notes

Levels and vault maps discovered:
D:1:      minmay_arrival_split_and_join, layout_loops_corners
D:2:      minmay_evil_eye, layout_basic, nemelex_xobeh_ov_fountains_minmay,
          fedhas_altar_4
D:3:      layout_basic, nicolae_overflow_hidden_temple, interstate_on_off,
          uniq_grinder, uniq_ijyb
D:4:      layout_basic, lemuel_crystal_altar, minmay_bent, uniq_blork_the_orc
D:5:      layout_basic, lemuel_crystal_altar, uniq_eustachio, uniq_edmund

Skill      XL: |  1  2  3  4  5  6  7 |
---------------+----------------------+-----
Dodging        | 1 |  1.1
Fighting       | 4 5 |  5.0
Maces & Flails | 5 6 7 |  7.7
Axes           | 2 |  2.0
Armour         | |  1.9
Evocations     | |  0.6

Action                   |  1- 3 |  4- 6 |  7- 9 || total
-------------------------+-------+-------+-------++-------
Melee: Mace              |   127 |    75 |    64 ||   266
       Tailslap          |     9 |     5 |     9 ||    23
       Headbutt          |       |     1 |    10 ||    11
       War axe           |       |       |    15 ||    15
 Abil: Rolling Charge    |     4 |       |       ||     4
Evoke: Wand              |       |     7 |       ||     7
  Use: Potion            |     4 |     2 |     3 ||     9
       Scroll            |     1 |       |       ||     1
 Stab: Petrifying        |       |     1 |       ||     1
       Confused          |       |       |     2 ||     2
Armor: Leather armour    |    65 |    14 |    23 ||   102
Dodge: Dodged            |    70 |    47 |    53 ||   170
Block: Other             |     6 |    18 |       ||    24

Table legend: (Time is in decaauts)
 A = Elapsed time spent in this place.
 B = Non-inter-level travel time spent in this place.
 C = Inter-level travel time spent in this place.
 D = Time resting spent in this place.
 E = Time spent auto-exploring this place.
 F = Levels seen in this place.
 G = Mean time per level.
                   A        B        C        D        E       F      G
               +--------+--------+--------+--------+--------+-----+--------+
         Total |   4883 |   4673 |    210 |      5 |   3616 |   5 |  976.6 |
       Dungeon |   4883 |   4673 |    210 |      5 |   3616 |   5 |  976.6 |
               +--------+--------+--------+--------+--------+-----+--------+

Top non-repeatable levels by time:
     D:2: 1501 daAuts
     D:1: 1379 daAuts
     D:3: 827 daAuts
     D:4: 704 daAuts
     D:5: 470 daAuts
